 Dungeon Crawl Stone Soup version 0.31-a0-233-g139696dc86 (webtiles) character file.

Game seed: 3753707003530140190

135 Shard1697 the Slasher (level 5, -3/40 HPs)
             Began as a Djinni Reaver on July 8, 2023.
             Slain by an orc priest
             ... wielding a +2 trident of flaming
              (5 damage)
             ... on level 3 of the Dungeon.
             The game lasted 00:03:01 (2203 turns).

Shard1697 the Slasher (Djinni Reaver)               Turns: 2203, Time: 00:03:02

Health: -3/40      AC:  3    Str: 11    XL:     5   Next: 42%
Gold:   112        EV: 12    Int: 17    God:
                   SH:  0    Dex: 17

rFire   + + .        a - +0 falchion
rCold   x . .        (no shield)
rNeg    . . .        b - +0 leather armour
rPois   ∞            (no helmet)
rElec   .            (no cloak)
rCorr   .            (no gloves)
SInv    .            (boots unavailable)
Will    .....        (no amulet)
Stlth   +            c - +6 ring of dexterity
HPRegen 0.26/turn    (no ring)
MPRegen 0.00/turn

%: infuse magic (-4 HP)
@: flying
A: sickness immunity, fire resistance 2, cold vulnerability 1, float, innate
caster, HP casting, extra vitality 1
a: no special abilities


You were on level 3 of the Dungeon.
You visited 1 branch of the dungeon, and saw 3 of its levels.

You collected 112 gold pieces.

Inventory:

Hand Weapons
 a - a +0 falchion (weapon)
Armour
 b - a +0 leather armour (worn)
Jewellery
 c - a +6 ring of dexterity (left hand)
Scrolls
 d - a scroll of vulnerability {unknown}
 e - a scroll of amnesia {unknown}
 f - 3 scrolls of teleportation {unknown}
 g - 4 scrolls of identify {unknown}
 i - 2 scrolls of poison {unknown}
 k - a scroll of enchant weapon {unknown}
 l - a scroll of brand weapon {unknown}
 m - a scroll of torment {unknown}
 o - a scroll of summoning {unknown}
 p - a scroll of enchant armour {unknown}
Potions
 h - a potion of invisibility {unknown}
 j - 2 potions of heal wounds {unknown}
 n - a potion of might {unknown}
 q - a potion of degeneration {unknown}
 r - a potion of mutation {unknown}


   Skills:
 * Level 3.4 Fighting
 * Level 3.7 Long Blades
 - Level 2.1 Dodging
 + Level 3.2 Spellcasting
 + Level 3.2 Conjurations
 + Level 3.2 Hexes
   Level 0.0 Charms
 + Level 3.2 Summonings
 + Level 3.2 Necromancy
 + Level 3.2 Translocations
 + Level 3.2 Transmutations
 + Level 3.2 Fire Magic
 + Level 3.2 Ice Magic
 + Level 3.2 Air Magic
 + Level 3.2 Earth Magic
 + Level 3.2 Poison Magic


You knew the following spells:

 Your Spells              Type           Power      Damage    Failure   Level
a - Kiss of Death         Conj/Necr      52%        2d9       6%          1
b - Momentum Strike       Conj/Tloc      26%        3d8       9%          2
c - Hailstorm             Conj/Ice       13%        3d5       19%         3
d - Sandblast             Erth           26%        2d8       6%          1
t - Ensorcelled Hibernat  Hex/Ice        26%        N/A       9%          2
Your spell library was empty.

Dungeon Overview and Level Annotations

Branches:
Dungeon (3/15)

Altars:

Shops:
D:1 :


Innate Abilities, Weirdness & Mutations

You are immune to sickness and miasma.
You are immune to poison.
Your flesh is very heat resistant. (rF++)
You are vulnerable to cold. (rC-)
You float through the air rather than walking.
You learn spells naturally, not from books.
Your magical power is your life essence.
You have superior vitality. (+4 MHP)


Message History

You hit the orc priest.
The orc priest is moderately wounded.
The orc priest hits you with a +2 trident of flaming.
You hit the orc priest but do no damage.
The orc priest is moderately wounded.
The orc priest misses you.
You closely miss the orc priest.
The orc priest is moderately wounded.
The orc priest hits you with a +2 trident of flaming.
The orc priest barely misses you.
You hit the orc priest but do no damage.
The orc priest is moderately wounded.
The orc priest hits you with a +2 trident of flaming.
You barely miss the orc priest.
The orc priest is moderately wounded.
The orc priest closely misses you.
You hit the orc priest but do no damage.
The orc priest is moderately wounded.
The orc priest completely misses you.
You closely miss the orc priest.
The orc priest is moderately wounded.
The orc priest hits you but does no damage.
You hit the orc priest.
The orc priest is heavily wounded.
The orc priest mumbles some strange prayers to Beogh against you.
Pain shoots through your body!
You hit the orc priest.
The orc priest is severely wounded.
The orc priest hits you with a +2 trident of flaming!
* * * LOW HITPOINT WARNING * * *
The orc priest burns you.
* * * LOW HITPOINT WARNING * * *
You closely miss the orc priest.
The orc priest is severely wounded.
The orc priest hits you with a +2 trident of flaming.
* * * LOW HITPOINT WARNING * * *
You barely miss the orc priest.
The orc priest is severely wounded.
The orc priest hits you with a +2 trident of flaming.
You die...

#.##..............###.# #
#.####.#.###......###.###...
#......#.#######.#........#
#######..)# #.#.##.#####
#..<# #.#.##.# #...#
#......# #...# ###....#
#####...###########.####
.........@o.#......o...#
.##########.#.###..†##.#
###...?##...##.#..
..................
.........o.....#..
....#.##......(#
###.#..........#
.#.##......## # ####..##


You could see an orc priest.

Vanquished Creatures
  An orc priest (D:3)
  Natasha (D:1)
  2 adders (D:2)
  2 worms (D:2)
  2 dart slugs (D:2)
  2 orcs (D:3)
  5 bats
  7 endoplasms
  A giant cockroach (D:2)
  5 goblins
  4 hobgoblins (D:1)
  4 kobolds
  8 ball pythons
  2 frilled lizards (D:2)
  6 rats
52 creatures vanquished.

Notes
Turn   | Place    | Note
-------+----------+-------------------------------------------
     0 | D:1      | Shard1697 the Djinni Reaver began the quest for the Orb.
     0 | D:1      | Shard1697 set off with the following spells memorised: Kiss
                  | of Death, Momentum Strike, Hailstorm.
     0 | D:1      | Reached XP level 1. HP: 18/18 MP: 0/0
   160 | D:1      | Found Oghir's Book Shop.
   190 | D:1      | Reached XP level 2. HP: 13/23 MP: 0/0
   468 | D:1      | Reached XP level 3. HP: 29/29 MP: 0/0
   468 | D:1      | Learned a level 1 spell: Sandblast
  1067 | D:2      | Noticed Natasha
  1073 | D:1      | Killed Natasha
  1074 | D:1      | Reached XP level 4. HP: 32/34 MP: 0/0
  1962 | D:3      | Reached XP level 5. HP: 39/40 MP: 0/0
  1962 | D:3      | Learned a level 2 spell: Ensorcelled Hibernation
  2202 | D:3      | HP: 2/40 [orc priest/+2 trident of flaming (2)]
  2203 | D:3      | Slain by an orc priest

Illustrated notes

Levels and vault maps discovered:
D:1:      mushboom_english_gardens, layout_basic, serial_shops,
          nicolae_book_shop_shelving
D:2:      layout_rooms, corexii_corridor_pit, minmay_misc_feat_iff,
          kennysheep_generic_room_15, uniq_natasha
D:3:      layout_loops_cross, lemuel_crystal_altar,
          minmay_misc_feat_four_crosses, chequers_jeans

Skill      XL: |  1  2  3  4 |
---------------+-------------+-----
Long Blades    | 3 |  3.7
Spellcasting   | 3 |  3.2
Conjurations   | 3 |  3.2
Hexes          | 3 |  3.2
Summonings     | 3 |  3.2
Necromancy     | 3 |  3.2
Translocations | 3 |  3.2
Transmutations | 3 |  3.2
Fire Magic     | 3 |  3.2
Ice Magic      | 3 |  3.2
Air Magic      | 3 |  3.2
Earth Magic    | 3 |  3.2
Poison Magic   | 3 |  3.2
Fighting       | 3 |  3.4
Dodging        | |  2.1

Action                     |  1- 3 |  4- 6 || total
---------------------------+-------+-------++-------
  Melee: Falchion          |    58 |    64 ||   122
   Cast: Sandblast         |     4 |    17 ||    21
         Ensorcelled Hiber |       |     4 ||     4
    Use: Potion            |     1 |       ||     1
   Stab: Sleeping          |     2 |     5 ||     7
 Armour: Leather armour    |    14 |    11 ||    25
  Dodge: Dodged            |    48 |    41 ||    89

Table legend: (Time is in decaauts)
 A = Elapsed time spent in this place.
 B = Non-inter-level travel time spent in this place.
 C = Inter-level travel time spent in this place.
 D = Time resting spent in this place.
 E = Time spent auto-exploring this place.
 F = Levels seen in this place.
 G = Mean time per level.
                   A        B        C        D        E       F      G
               +--------+--------+--------+--------+--------+-----+--------+
         Total |   2235 |   2150 |     85 |    383 |   1342 |   3 |  745.0 |
       Dungeon |   2235 |   2150 |     85 |    383 |   1342 |   3 |  745.0 |
               +--------+--------+--------+--------+--------+-----+--------+

Top non-repeatable levels by time:
     D:1: 1242 daAuts
     D:2: 740 daAuts
     D:3: 252 daAuts
